 Dungeon Crawl Stone Soup version 0.26-a0-651-gb41185065b (webtiles) character file.

Game seed: 10752301133849501015

3075 lorenzova the Thaumaturge (level 9, 0/45 HPs)
             Began as a Deep Elf Conjurer on Oct 8, 2020.
             Was a Priest of Sif Muna.
             Slain by a centaur zombie (5 damage)
             ... on level 8 of the Dungeon.
             The game lasted 00:13:10 (9193 turns).

lorenzova the Thaumaturge (Deep Elf Conjurer)       Turns: 9193, Time: 00:13:11

Health: 0/45       AC: 10    Str:  8    XL:     9   Next: 58%
Magic:  12/34      EV: 13    Int: 30    God:    Sif Muna [***...]
Gold:   335        SH:  0    Dex: 13    Spells: 18/29 levels left

rFire    . . .     SeeInvis .   c - +4 spear (freeze)
rCold    . . .     Faith    .   (no shield)
rNeg     . . .     Spirit   .   F - +0 steam dragon scales
rPois    .         Reflect  .   (no helmet)
rElec    .         Harm     .   h - +0 cloak
rCorr    .         Rampage  .   m - +1 pair of gloves
MR       .....                  q - +1 pair of boots {run}
Stlth    ++........             (no amulet)
HPRegen  0.15/turn              x - ring of magical power
MPRegen  0.24/turn              z - ring of the Duke {+Fly Str+4 Int+3}

@: quick
A: no striking features
a: Channel Magic, Forget Spell, Renounce Religion, Evoke Flight


You were on level 8 of the Dungeon.
You worshipped Sif Muna.
Sif Muna was most pleased with you.
You visited 1 branch of the dungeon, and saw 8 of its levels.

You collected 335 gold pieces.

Inventory:

Hand Weapons
 c - a +4 spear of freezing (weapon)
 g - a +1 vorpal spear
Armour
 a - a +0 robe
 h - a +0 cloak (worn)
 m - a +1 pair of gloves (worn)
 q - a +1 pair of boots of running (worn)
 F - +0 steam dragon scales (worn)
Jewellery
 x - a ring of magical power (left hand)
 z - the ring of the Duke (right hand) {+Fly Str+4 Int+3}
   (You found it on level 6 of the Dungeon)

   [ring of flight]

   It affects your strength (+4).
   It affects your intelligence (+3).
   It lets you fly.
Wands
 y - a wand of disintegration (9)
 D - a wand of flame (23)
 E - a wand of acid (8)
Scrolls
 b - a scroll of identify
 d - a scroll of magic mapping
 i - 2 scrolls of noise {unknown}
 j - 6 scrolls of remove curse
 k - 2 scrolls of enchant armour
 n - 3 scrolls of blinking {unknown}
 s - a scroll of teleportation {unknown}
 A - 2 scrolls of fog
 B - a scroll of acquirement {unknown}
 C - 2 scrolls of fear {unknown}
Potions
 e - 2 potions of lignification
 f - 3 potions of brilliance
 l - a potion of might
 o - a potion of heal wounds
 p - 2 potions of stabbing
 r - a potion of mutation {unknown}
 t - a potion of invisibility {unknown}
 u - 2 potions of curing
 v - a potion of resistance
 w - a potion of cancellation {unknown}
 G - a potion of berserk rage {unknown}


   Skills:
 - Level 2.4 Dodging
 - Level 2.4 Stealth
 * Level 10.8 Spellcasting
 * Level 9.8 Conjurations
 + Level 5.2 Hexes
 + Level 4.3 Translocations
 + Level 4.3 Invocations


You had 18 spell levels left.
You knew the following spells:

 Your Spells              Type           Power        Failure   Level
a - Magic Dart            Conj           ####         1%          1
b - Searing Ray           Conj           ######       1%          2
c - Iskenderun's Mystic   Conj/Tloc      ######..     1%          4
d - Fulminant Prism       Conj/Hex       ######....   1%          4

Your spell library contained the following spells:

 Spells                   Type           Power        Failure   Level
 Dazzling Flash           Conj/Hex       ######       1%          3


Dungeon Overview and Level Annotations

Branches:
Dungeon (8/15)             Temple (0/1) D:7
   Lair: D:8-11

Altars:
Dithmenos
Gozag
Kikubaaqudgha
Makhleb
Nemelex Xobeh
Okawaru
Sif Muna
Xom
The Shining One

Annotations:
D:5 2 transporters
D:6 3 runed translucent doors, Flugslaktarn's ghost, amateur DDFi


Message History

You kill the centaur!
Sif Muna accepts your kill. The hornet zombie hits you.
The hornet zombie misses you.
Your magical contamination has completely faded away.
The searing ray hits the hornet zombie!
The hornet zombie is moderately damaged.
A centaur zombie comes into view.
The hornet zombie hits you.
The searing ray hits the hornet zombie!
The hornet zombie is severely damaged.
You finish channeling your searing ray.
The hornet zombie hits you but does no damage.
The hornet zombie hits you! The hornet zombie hits you.
* * * LOW HITPOINT WARNING * * *
The centaur zombie misses you. The hornet zombie hits you.
* * * LOW HITPOINT WARNING * * *
The centaur zombie hits you.
You die...

.............
........)..... .....
..............# .....
.....)........###+#.....
........................
.........................
.........................
.....(.........Z...###...
..............ZZ@.<....#
..........)............# .
..............####.....#..
.........###.#####........
.........'.#....#)........
.........###....#.........
##..............#.........
................'.).......
#..####.........##........


You could see a hornet zombie, a centaur zombie and a bullfrog skeleton.

Vanquished Creatures
  A hippogriff (D:7)
  A steam dragon (D:7)
  3 orc warriors
  A phantom (D:6)
  A necrophage (D:8)
  2 sky beasts (D:7)
  3 centaurs
  3 bullfrogs
  A scorpion (D:7)
  A howler monkey (D:4)
  15 wights
  3 bullfrog zombies
  A quasit (D:8)
  2 hounds
  5 orc priests
  6 orc wizards
  3 iguanas
  2 worker ants (D:4)
  A hound zombie (D:8)
  A worker ant zombie (D:8)
  6 adders
  9 gnolls
  3 white imps
  2 ufetubi
  An ooze (D:3)
  An adder zombie (D:5)
  2 worms (D:4)
  5 leopard geckos
  32 orcs
  3 ball pythons
  9 giant cockroaches
  9 goblins
  9 hobgoblins
  6 jackals
  A quokka (D:3)
  10 bats
  6 frilled lizards
  A giant cockroach zombie (D:6)
  6 kobolds
  A leopard gecko skeleton (D:6)
  7 rats
185 creatures vanquished.

Vanquished Creatures (others)
  3 fulminant prisms (D:8)
3 creatures vanquished.

Grand Total: 188 creatures vanquished

Notes
Turn   | Place    | Note
-------+----------+-------------------------------------------
     0 | D:1      | lorenzova the Deep Elf Conjurer began the quest for the
                  | Orb.
     0 | D:1      | Reached XP level 1. HP: 10/10 MP: 6/6
   369 | D:1      | Reached XP level 2. HP: 15/15 MP: 3/8
   373 | D:1      | Learned a level 2 spell: Searing Ray
  1446 | D:2      | Reached skill level 4 in Spellcasting
  1510 | D:2      | Reached skill level 5 in Conjurations
  1510 | D:2      | Reached XP level 3. HP: 19/19 MP: 8/10
  1956 | D:2      | Found a glowing golden altar of the Shining One.
  1956 | D:2      | Found a sparkling altar of Nemelex Xobeh.
  2299 | D:2      | Reached XP level 4. HP: 24/24 MP: 8/12
  2449 | D:2      | You fall into a shaft and drop 1 floor!
  2491 | D:3      | Found a shimmering altar of Xom.
  2512 | D:3      | Identified a +1 pair of boots of running (You found it on
                  | level 3 of the Dungeon)
  3094 | D:3      | Reached skill level 5 in Spellcasting
  3599 | D:3      | Found a shimmering blue altar of Sif Muna.
  3963 | D:3      | Became a worshipper of Sif Muna the Loreminder
  4015 | D:4      | Reached XP level 5. HP: 28/28 MP: 10/14
  4268 | D:4      | Reached skill level 6 in Spellcasting
  4585 | D:4      | Reached XP level 6. HP: 32/32 MP: 11/17
  4979 | D:5      | Entered Level 5 of the Dungeon
  5035 | D:5      | Found a transporter.
  5082 | D:5      | Reached * piety under Sif Muna
  5115 | D:5      | Reached skill level 7 in Spellcasting
  5319 | D:5      | Found an opulent altar of Gozag.
  5365 | D:5      | Found a transporter.
  5387 | D:5      | Noticed an ice beast
  5388 | D:5      | Noticed an ice beast
  5618 | D:5      | Found a shadowy altar of Dithmenos.
  5757 | D:5      | Found an iron altar of Okawaru.
  5950 | D:5      | Found a burning altar of Makhleb.
  5950 | D:5      | Noticed a blizzard demon
  6148 | D:6      | Noticed an orc warrior
  6165 | D:6      | Reached XP level 7. HP: 36/36 MP: 19/19
  6226 | D:6      | Learned a level 4 spell: Iskenderun's Mystic Blast
  6231 | D:6      | Learned a level 4 spell: Fulminant Prism
  6343 | D:6      | Reached skill level 1 in Invocations
  6427 | D:5      | Reached skill level 1 in Hexes
  6711 | D:6      | Reached skill level 8 in Spellcasting
  6711 | D:6      | Reached skill level 1 in Translocations
  6984 | D:6      | Found a runed translucent gate.
  6984 | D:6      | Found a runed translucent gate.
  6985 | D:6      | Found an opulent altar of Gozag.
  6985 | D:6      | Found a runed translucent gate.
  6998 | D:6      | Reached ** piety under Sif Muna
  7055 | D:6      | Noticed a two-headed ogre
  7055 | D:6      | Noticed Flugslaktarn's ghost (amateur DDFi)
  7064 | D:6      | Got a coiled silver ring
  7065 | D:6      | Identified the ring of the Duke {+Fly Str+4 Int+3} (You
                  | found it on level 6 of the Dungeon)
  7261 | D:6      | Reached XP level 8. HP: 41/41 MP: 21/22
  7787 | D:7      | Reached skill level 9 in Spellcasting
  8295 | D:7      | Reached XP level 9. HP: 45/45 MP: 24/24
  8351 | D:7      | Reached skill level 10 in Spellcasting
  8528 | D:7      | Found a staircase to the Ecumenical Temple.
  8774 | D:7      | Found an ancient bone altar of Kikubaaqudgha.
  9164 | D:8      | Reached skill level 5 in Hexes
  9170 | D:8      | Reached *** piety under Sif Muna
  9193 | D:8      | Slain by a centaur zombie

Illustrated notes

Levels and vault maps discovered:
D:1:      dpeg_arrival_water_fire, layout_basic, chequers_serial_rivers_micro_b,
          minmay_tiny_reverse_x
D:2:      layout_loops_ring, grunt_temple_overflow_open
D:3:      layout_basic, led_sif_pool, lemuel_round_altar
D:4:      layout_rooms, grunt_decor_clamped
D:5:      gammafunk_cloud_chamber, layout_loops_ring, old_standard_altar,
          nicolae_gozag_seed_capital, makhleb_altar_promises_db,
          kennysheep_little_box, due_unseen_surprise
D:6:      layout_gridville, ebering_ghost_gozag
D:7:      layout_basic, minmay_temple_entry_drinking_statues, basic_altar,
          minmay_fractal_squares_diagonal_5
D:8:      layout_basic, serial_undead, serial_undead_a, serial_undead_d,
          serial_undead_a, serial_undead_b, serial_shops, shop,
          brannock_xom_greatest_gift

Skill      XL: |  1  2  3  4  5  6  7  8  9 |
---------------+----------------------------+-----
Spellcasting   | 4 5 6 7 8 9 10 | 10.8
Conjurations   | 5 6 7 8 9 |  9.8
Invocations    | 2 3 4 |  4.3
Hexes          | 2 4 5 |  5.2
Translocations | 1 3 4 |  4.3
Dodging        | |  2.4
Stealth        | |  2.4

Action                   |  1- 3 |  4- 6 |  7- 9 || total
-------------------------+-------+-------+-------++-------
Melee: Spear             |       |     5 |       ||     5
 Cast: Magic Dart        |    67 |   113 |   136 ||   316
       Searing Ray       |     1 |    19 |    39 ||    59
       Fulminant Prism   |       |       |     3 ||     3
  Use: Scroll            |       |    10 |     2 ||    12
Armor: Robe              |       |     3 |     6 ||     9
       Steam dragon scal |       |       |     4 ||     4
Dodge: Dodged            |     4 |    11 |    31 ||    46

Table legend: (Time is in decaauts)
 A = Elapsed time spent in this place.
 B = Non-inter-level travel time spent in this place.
 C = Inter-level travel time spent in this place.
 D = Time resting spent in this place.
 E = Time spent auto-exploring this place.
 F = Levels seen in this place.
 G = Mean time per level.
                   A        B        C        D        E       F      G
               +--------+--------+--------+--------+--------+-----+--------+
         Total |   8847 |   8565 |    282 |   2755 |   4852 |   8 | 1105.9 |
       Dungeon |   8847 |   8565 |    282 |   2755 |   4852 |   8 | 1105.9 |
               +--------+--------+--------+--------+--------+-----+--------+

Top non-repeatable levels by time:
     D:1: 1442 daAuts
     D:3: 1327 daAuts
     D:5: 1304 daAuts
     D:6: 1269 daAuts
     D:7: 1195 daAuts
     D:2: 1149 daAuts
     D:4: 920 daAuts
     D:8: 239 daAuts
